 Dungeon Crawl Stone Soup version 0.29.0-4-gdea44cf6ec (webtiles) character file.

Game seed: 10987540969035266678

3917 qw the Grappler (level 10, -2/91 (96) HPs)
             Began as a Troll Cinder Acolyte on Sept 2, 2022.
             Was a Believer of Ignis.
             Shot with an arrow by a centaur (4 damage)
             ... on level 8 of the Dungeon.
             The game lasted 00:03:27 (7212 turns).

qw the Grappler (Troll Cinder Acolyte)              Turns: 7212, Time: 00:03:28

HP:   -2/91 (96)    AC: 13    Str: 32    XL:     10   Next: 1%
MP:   0/10          EV:  9    Int:  9    God:    Ignis [**....]
Gold: 239           SH:  0    Dex:  4    Spells: 11/11 levels left

rFire   + . .      SeeInvis .     - Unarmed
rCold   + . .      Faith    .   (no shield)
rNeg    . . .      Spirit   +   b - +2 robe {rC+}
rPois   .          Reflect  .   (helmet restricted)
rElec   .          Harm     .   (no cloak)
rCorr   .          Rampage  .   (gloves unavailable)
Will    .....                   (boots unavailable)
Stlth   +.........              o - amulet of guardian spirit
HPRegen 1.05/turn               (no ring)
MPRegen 0.12/turn               (no ring)

@: fiery-armoured, drained
A: large, unfitting armour, claws 3, regeneration 1, shaggy fur 1, tough skin 1,
hooves 1, strong 1
a: Renounce Religion, Fiery Armour, Foxfire Swarm, Rising Flame


You were on level 8 of the Dungeon.
You worshipped Ignis.
Ignis was pleased with you.
You visited 1 branch of the dungeon, and saw 8 of its levels.

You collected 357 gold pieces.
You spent 118 gold pieces at shops.


Innate Abilities, Weirdness & Mutations

You are too large for most types of armour.
You have claws for hands.
Your natural rate of healing is unusually fast.
You are covered in fur. (AC +1)
You have tough skin. (AC +1)
You have large cloven feet.
Your muscles are strong. (Str +4, Int/Dex -1)


   Skills:
 - Level 5.0 Fighting
 - Level 4.4 Throwing
 - Level 1.5 Dodging
 + Level 12.5 Unarmed Combat
 - Level 1.0 Spellcasting
 - Level 2.1 Fire Magic


You had 11 spell levels left.
You didn't know any spells.
Your spell library contained the following spells:

 Spells                   Type           Power      Damage    Failure   Level
 Scorch                   Fire           8%         2d5       22%         2

Inventory:

Missiles
 d - 4 boomerangs (quivered)
Armour
 b - a +2 robe of cold resistance (worn)
Jewellery
 o - an amulet of guardian spirit (around neck)
Scrolls
 a - a scroll of enchant weapon
 c - a scroll of identify
Potions
 g - a potion of curing
 i - 2 potions of mutation
 j - a potion of resistance
 l - a potion of cancellation
 m - a potion of haste {unknown}

Dungeon Overview and Level Annotations

Branches:
Dungeon (8/15)             Temple (0/1) D:5
   Lair: D:8-11

Altars:

Shops:
D:4 *


Message History

A protective cloak of flame settles atop you.
The centaur shoots an arrow.
The arrow hits you. The wight hits you but does no damage.
The wight is burned by your cloak of flames.
The wight is lightly damaged.
The wight hits you but does no damage.
The wight is burned by your cloak of flames.
The wight is moderately damaged.
7205 ||| Stepping ~*~*~tactically~*~*~ (outnumbered).
The centaur shoots an arrow.
The arrow hits you!
7206 ||| Stepping ~*~*~tactically~*~*~ (outnumbered).
The centaur shoots an arrow.
The arrow hits you but does no damage.
The centaur shoots an arrow.
The arrow hits you.
7207 ||| Stepping ~*~*~tactically~*~*~ (outnumbered).
The wight attacks as you move away! The wight hits you but does no damage.
The wight is burned by your cloak of flames.
The wight is moderately damaged.
The centaur shoots an arrow.
The arrow hits you.
7208 ||| Stepping ~*~*~tactically~*~*~ (outnumbered).
The wight attacks as you move away! The wight hits you with a +0 scimitar.
You feel drained.
The wight is burned by your cloak of flames.
The wight is moderately damaged.
The centaur shoots an arrow.
The arrow hits you.
The centaur shoots an arrow.
The arrow hits you but does no damage.
You scratch the wight.
The wight is heavily damaged.
You claw the wight!
You destroy the wight!
The centaur shoots an arrow.
The arrow closely misses you. The wight hits you with a +0 scimitar.
The wight is burned by your cloak of flames.
The wight is heavily damaged.
You claw the wight!
You destroy the wight!
The centaur shoots an arrow.
The arrow hits you.
You have reached level 10!
The centaur shoots an arrow.
The arrow hits you.
The centaur shoots an arrow.
The arrow hits you.
You die...

... ....# ......#
........#
.........##
..........####
...........@.######
......c.....)......#
....................
....................
...........<.<......
........)...........
...........)........
................####
......#####....##


You could see a centaur.

Vanquished Creatures
  Pikel (D:5)
  Duvessa (D:5)
  An acid dragon (D:6)
  2 water moccasins
  3 black bears
  An orc warrior (D:6)
  2 sky beasts
  3 ogres
  A lemure (D:5)
  A phantom (D:5)
  A kobold brigand (D:6)
  A bullfrog (D:7)
  2 scorpions
  4 necrophages
  12 wights
  Dowan (D:5)
  5 killer bees (D:7)
  2 howler monkeys
  2 electric eels (D:7)
  5 hounds
  3 orc priests
  Jessica (D:2)
  8 orc wizards
  8 adders
  2 shadow imps
  A white imp (D:6)
  An ufetubus (D:4)
  3 worms
  2 dart slugs
  11 orcs
  6 ball pythons
  12 endoplasms
  A giant cockroach (D:2)
  7 goblins
  6 hobgoblins
  3 jackals
  4 kobolds
  5 quokkas
  6 bats (D:1)
  4 frilled lizards
  2 rats
147 creatures vanquished.

Vanquished Creatures (others)
  11 plants (D:2)
11 creatures vanquished.

Grand Total: 158 creatures vanquished

Notes
Turn   | Place    | Note
-------+----------+-------------------------------------------
     0 | D:1      | qw the Troll Cinder Acolyte began the quest for the Orb.
     0 | D:1      | Reached XP level 1. HP: 22/22 MP: 1/1
     0 | D:1      | 0 ||| qw: Version: 0.1-a-97-g2dd2ca4
     0 | D:1      | 0 ||| qw: Game counter: 4944
     0 | D:1      | 0 ||| qw: Always use a shield: true
     0 | D:1      | 0 ||| qw: God list: Okawaru
     0 | D:1      | 0 ||| qw: Allow faded altars: false
     0 | D:1      | 0 ||| qw: Do Orc after D:15 true
     0 | D:1      | 0 ||| qw: Do second Lair branch before Depths: true
     0 | D:1      | 0 ||| qw: Lair rune preference: random
     0 | D:1      | 0 ||| qw: Plans: Normal
     0 | D:1      | 0 ||| PLANNING D:1-11
   117 | D:1      | Reached XP level 2. HP: 29/29 MP: 2/2
   363 | D:1      | Reached skill level 4 in Unarmed Combat
   444 | D:1      | 444 ||| Stepping ~*~*~tactically~*~*~ (hiding).
   454 | D:1      | Reached XP level 3. HP: 33/36 MP: 3/3
   481 | D:1      | Reached skill level 1 in Throwing
   819 | D:1      | 819 ||| READING scroll labelled HUS QEBLOINA.
   820 | D:1      | 820 ||| READING scroll labelled TIALUST PYSERCH.
   821 | D:1      | 821 ||| READING scroll labelled AKKARE YBBIDGH.
   822 | D:1      | 822 ||| READING 2 scrolls labelled SUDI ENEPLARPH.
  1011 | D:2      | Noticed a necrophage
  1021 | D:2      | Killed a necrophage
  1022 | D:2      | Reached skill level 5 in Unarmed Combat
  1022 | D:2      | Reached XP level 4. HP: 39/44 MP: 4/4
  1284 | D:2      | Noticed Jessica
  1287 | D:2      | Killed Jessica
  1418 | D:2      | Reached XP level 5. HP: 50/50 MP: 5/5
  1902 | D:2      | 1902 ||| READING scroll labelled UNGAEF UMNY.
  1903 | D:2      | 1903 ||| READING scroll labelled AMARIA DUSO.
  1904 | D:2      | 1904 ||| READING scroll labelled MIGUREH WIGORE.
  1905 | D:2      | 1905 ||| READING scroll labelled UTHABO ICRUOSO.
  1906 | D:2      | 1906 ||| DRINKING 2 lumpy pink potions.
  1907 | D:2      | 1907 ||| DRINKING 2 fizzy cyan potions.
  2008 | D:2      | 2008 ||| DRINKING 3 emerald potions.
  2009 | D:2      | 2009 ||| DROPPING potion of invisibility.
  2010 | D:2      | 2010 ||| DROPPING potion of ambrosia.
  2071 | D:3      | Found a faded altar of an unknown god.
  2104 | D:3      | 2104 ||| Stepping ~*~*~tactically~*~*~ (stealth).
  2262 | D:3      | Reached skill level 6 in Unarmed Combat
  2591 | D:3      | 2591 ||| DROPPING amulet of magic regeneration.
  2592 | D:3      | 2592 ||| READING scroll labelled JUWOHE YHAUWN.
  2593 | D:3      | 2593 ||| READING scroll labelled POFRAS MOCRUA.
  2594 | D:3      | 2594 ||| DRINKING 2 puce potions.
  2595 | D:3      | 2595 ||| DRINKING 2 fuming blue potions.
  2846 | D:4      | 2846 ||| Stepping ~*~*~tactically~*~*~ (stealth).
  2873 | D:4      | Found Iteatz's Assorted Antiques.
  2880 | D:4      | You fall into a shaft and drop 3 floors!
  2886 | D:6      | 2886 ||| PLANNING SEWER
  2888 | D:6      | Noticed a water moccasin
  2897 | D:6      | Killed a water moccasin
  2898 | D:6      | Reached skill level 7 in Unarmed Combat
  2898 | D:6      | Reached XP level 6. HP: 52/59 MP: 6/6
  2959 | D:6      | 2959 ||| Stepping ~*~*~tactically~*~*~ (hiding).
  2968 | D:6      | 2968 ||| INVOKING Fiery Armour.
  2975 | D:6      | 2975 ||| Stepping ~*~*~tactically~*~*~ (outnumbered).
  2981 | D:6      | 2981 ||| Stepping ~*~*~tactically~*~*~ (outnumbered).
  2992 | D:6      | Reached XP level 7. HP: 37/66 MP: 7/7
  3046 | D:6      | Reached skill level 8 in Unarmed Combat
  3178 | D:6      | 3178 ||| INVOKING Fiery Armour.
  3181 | D:6      | Reached skill level 3 in Fighting
  3181 | D:6      | 3181 ||| Stepping ~*~*~tactically~*~*~ (outnumbered).
  3187 | D:6      | HP: 11/67 [orc warrior/+0 halberd (12)]
  3188 | D:6      | 3188 ||| READING scroll of teleportation.
  3188 | D:6      | HP: 3/67 [orc warrior/+0 halberd (6)]
  3189 | D:6      | 3189 ||| DRINKING potion of heal wounds.
  3193 | D:6      | HP: 13/67 [poisoned by an orc wizard]
  3198 | D:6      | HP: 12/67 [poisoned by an orc wizard]
  3263 | D:6      | 3263 ||| Stepping ~*~*~tactically~*~*~ (hiding).
  3271 | D:6      | HP: 10/67 [orc warrior/+0 halberd (9)]
  3276 | D:6      | HP: 12/67 [orc wizard/magic dart (2)]
  3311 | D:6      | 3311 ||| Invisible monster not found???
  3380 | D:6      | Reached skill level 9 in Unarmed Combat
  3433 | D:6      | 3433 ||| Stepping ~*~*~tactically~*~*~ (hiding).
  3557 | D:6      | 3557 ||| Stepping ~*~*~tactically~*~*~ (stealth).
  3566 | D:6      | 3566 ||| Stepping ~*~*~tactically~*~*~ (stealth).
  3573 | D:6      | 3573 ||| Stepping ~*~*~tactically~*~*~ (stealth).
  3578 | D:6      | 3578 ||| FLEEEEING.
  3580 | D:6      | 3580 ||| FLEEEEING.
  3581 | D:6      | 3581 ||| FLEEEEING.
  3583 | D:6      | 3583 ||| FLEEEEING.
  3584 | D:6      | 3584 ||| FLEEEEING.
  3585 | D:6      | 3585 ||| FLEEEEING.
  3587 | D:6      | 3587 ||| FLEEEEING.
  3588 | D:6      | 3588 ||| FLEEEEING.
  3590 | D:6      | 3590 ||| FLEEEEING.
  3591 | D:6      | 3591 ||| FLEEEEING.
  3592 | D:6      | 3592 ||| FLEEEEING.
  3593 | D:6      | 3593 ||| FLEEEEING.
  3594 | D:6      | 3594 ||| FLEEEEING.
  3595 | D:6      | 3595 ||| FLEEEEING.
  3596 | D:6      | 3596 ||| FLEEEEING.
  3597 | D:6      | 3597 ||| FLEEEEING.
  3599 | D:6      | 3599 ||| FLEEEEING.
  3600 | D:6      | 3600 ||| FLEEEEING.
  3601 | D:6      | 3601 ||| FLEEEEING.
  3602 | D:6      | 3602 ||| FLEEEEING.
  3609 | D:6      | 3609 ||| FLEEEEING.
  3610 | D:6      | 3610 ||| STAIRDANCE
  3611 | D:5      | Entered Level 5 of the Dungeon
  3617 | D:5      | Reached skill level 1 in Dodging
  3620 | D:5      | 3620 ||| DROPPING orb of light.
  3621 | D:5      | 3621 ||| READING scroll labelled HALISUDUUK.
  3622 | D:5      | 3622 ||| READING scroll labelled ZUOGHAPHOP.
  3624 | D:6      | 3624 ||| RIP SEWER
  3625 | D:6      | 3625 ||| PLANNING D:1-11
  3630 | D:6      | Reached XP level 8. HP: 66/75 MP: 8/8
  3630 | D:6      | 3630 ||| STAIRDANCE
  3681 | D:5      | 3681 ||| INVOKING Fiery Armour.
  3689 | D:5      | 3689 ||| DRINKING 4 potions of curing.
  3689 | D:5      | 3689 ||| (to cure confusion)
  3692 | D:5      | 3692 ||| Stepping ~*~*~tactically~*~*~ (outnumbered).
  3695 | D:5      | 3695 ||| DRINKING 3 potions of curing.
  3695 | D:5      | 3695 ||| (to cure confusion)
  3697 | D:5      | Reached skill level 10 in Unarmed Combat
  3702 | D:5      | 3702 ||| Stepping ~*~*~tactically~*~*~ (hiding).
  4209 | D:4      | 4209 ||| BUYING murky golden potion (18 gold).
  4209 | D:4      | Bought a murky golden potion for 18 gold pieces
  4209 | D:4      | 4209 ||| BUYING scroll of identify (40 gold).
  4209 | D:4      | Bought a scroll of identify for 40 gold pieces
  4209 | D:4      | 4209 ||| BUYING scroll of teleportation (60 gold).
  4209 | D:4      | Bought a scroll of teleportation for 60 gold pieces
  4406 | D:4      | 4406 ||| DRINKING 3 murky golden potions.
  4445 | D:4      | 4445 ||| READING 2 scrolls of identify.
  4445 | D:4      | 4445 ||| IDENTIFYING amethyst potion
  4446 | D:4      | 4446 ||| DROPPING potion of flight.
  4447 | D:4      | 4447 ||| DROPPING 2 potions of lignification.
  4497 | D:5      | 4497 ||| Stepping ~*~*~tactically~*~*~ (outnumbered).
  4498 | D:5      | 4498 ||| Stepping ~*~*~tactically~*~*~ (outnumbered).
  4533 | D:5      | Noticed Pikel
  4537 | D:5      | 4537 ||| Stepping ~*~*~tactically~*~*~ (stealth).
  4539 | D:5      | 4539 ||| Stepping ~*~*~tactically~*~*~ (stealth).
  4543 | D:5      | 4543 ||| Stepping ~*~*~tactically~*~*~ (outnumbered).
  4546 | D:5      | 4546 ||| INVOKING Fiery Armour.
  4547 | D:5      | 4547 ||| Stepping ~*~*~tactically~*~*~ (outnumbered).
  4548 | D:5      | 4548 ||| Stepping ~*~*~tactically~*~*~ (outnumbered).
  4549 | D:5      | 4549 ||| Stepping ~*~*~tactically~*~*~ (outnumbered).
  4550 | D:5      | 4550 ||| Stepping ~*~*~tactically~*~*~ (outnumbered).
  4553 | D:5      | 4553 ||| Stepping ~*~*~tactically~*~*~ (outnumbered).
  4562 | D:5      | Killed Pikel
  4563 | D:5      | Reached XP level 9. HP: 29/84 MP: 9/9
  4670 | D:5      | Noticed Duvessa
  4670 | D:5      | Noticed Dowan
  4671 | D:5      | 4671 ||| Stepping ~*~*~tactically~*~*~ (hiding).
  4672 | D:5      | 4672 ||| Stepping ~*~*~tactically~*~*~ (hiding).
  4677 | D:5      | 4677 ||| INVOKING Fiery Armour.
  4684 | D:5      | Killed Dowan
  4691 | D:5      | Killed Duvessa
  4724 | D:5      | Found a staircase to the Ecumenical Temple.
  5308 | D:5      | 5308 ||| UPGRADING to +2 robe of cold resistance.
  5318 | D:5      | 5318 ||| DROPPING +0 robe.
  5319 | D:5      | 5319 ||| UPGRADING to amulet of guardian spirit.
  5324 | D:5      | 5324 ||| READING scroll labelled JIACHAKOED.
  5361 | D:5      | 5361 ||| READING scroll labelled VEIDYI QUG LEL.
  5362 | D:5      | 5362 ||| DRINKING 3 sedimented puce potions.
  5362 | D:5      | Gained mutation: Your muscles are strong. (Str +4, Int/Dex
                  | -1) [potion of mutation]
  5362 | D:5      | Gained mutation: You have large cloven feet. [potion of
                  | mutation]
  5363 | D:5      | 5363 ||| READING scroll of teleportation.
  5409 | D:6      | 5409 ||| Stepping ~*~*~tactically~*~*~ (stealth).
  5419 | D:6      | Reached skill level 11 in Unarmed Combat
  5501 | D:6      | 5501 ||| Stepping randomly (stuck).
  5502 | D:6      | 5502 ||| Stepping randomly (stuck).
  5503 | D:6      | 5503 ||| Stepping randomly (stuck).
  5504 | D:6      | 5504 ||| Stepping randomly (stuck).
  5505 | D:6      | 5505 ||| Stepping randomly (stuck).
  5506 | D:6      | 5506 ||| Stepping randomly (stuck).
  5507 | D:6      | 5507 ||| Stepping randomly (stuck).
  5508 | D:6      | 5508 ||| Stepping randomly (stuck).
  5687 | D:7      | 5687 ||| INVOKING Fiery Armour.
  5692 | D:7      | 5692 ||| FLEEEEING.
  5693 | D:7      | 5693 ||| FLEEEEING.
  5697 | D:7      | 5697 ||| FLEEEEING.
  5739 | D:7      | 5739 ||| FLEEEEING.
  5742 | D:7      | 5742 ||| FLEEEEING.
  5766 | D:7      | 5766 ||| FLEEEEING.
  5767 | D:7      | 5767 ||| FLEEEEING.
  5806 | D:7      | 5806 ||| FLEEEEING.
  5809 | D:7      | 5809 ||| FLEEEEING.
  5935 | D:7      | 5935 ||| Stepping ~*~*~tactically~*~*~ (hiding).
  6661 | D:7      | Reached skill level 12 in Unarmed Combat
  6742 | D:7      | 6742 ||| READING scroll labelled UKIS ECUGEFEWK.
  6843 | D:7      | 6843 ||| READING 2 scrolls of identify.
  6843 | D:7      | 6843 ||| IDENTIFYING viscous silvery potion
  6844 | D:7      | 6844 ||| DROPPING potion of brilliance.
  6892 | D:8      | 6892 ||| STAIRDANCE
  6913 | D:8      | 6913 ||| STAIRDANCE
  6915 | D:7      | 6915 ||| INVOKING Fiery Armour.
  6917 | D:7      | HP: 21/84 [poisoned by a killer bee]
  6921 | D:7      | HP: 8/85 [killer bee (6)]
  6923 | D:7      | 6923 ||| DRINKING 2 potions of curing.
  6923 | D:7      | 6923 ||| (to cure poison)
  6996 | D:8      | 6996 ||| STAIRDANCE
  7059 | D:8      | 7059 ||| STAIRDANCE
  7104 | D:8      | 7104 ||| STAIRDANCE
  7115 | D:7      | 7115 ||| READING 2 scrolls of identify.
  7115 | D:7      | 7115 ||| IDENTIFYING ruby potion
  7119 | D:8      | 7119 ||| STAIRDANCE
  7142 | D:8      | 7142 ||| STAIRDANCE
  7203 | D:8      | 7203 ||| Stepping ~*~*~tactically~*~*~ (outnumbered).
  7204 | D:8      | 7204 ||| INVOKING Fiery Armour.
  7205 | D:8      | 7205 ||| Stepping ~*~*~tactically~*~*~ (outnumbered).
  7206 | D:8      | 7206 ||| Stepping ~*~*~tactically~*~*~ (outnumbered).
  7207 | D:8      | 7207 ||| Stepping ~*~*~tactically~*~*~ (outnumbered).
  7207 | D:8      | HP: 18/83 [centaur/arrow (6)]
  7208 | D:8      | 7208 ||| Stepping ~*~*~tactically~*~*~ (outnumbered).
  7211 | D:8      | HP: 5/82 [centaur/arrow (4)]
  7212 | D:8      | Reached XP level 10. HP: 6/91 MP: 1/10
  7212 | D:8      | HP: 2/91 [centaur/arrow (5)]
  7212 | D:8      | Shot with an arrow by a centaur

Levels and vault maps discovered:
D:1:      amcnicky_arrival_single_pillar, layout_loops_corners, nicolae_titane
D:2:      layout_basic, serial_bayou, serial_bayou_pond_a, serial_bayou_pond_c,
          serial_bayou_ford_a, serial_bayou_crossing, minmay_distorted,
          uniq_jessica
D:3:      layout_basic, nicolae_ecumenical_pavilion, serial_glass,
          glass_columns_c, glass_columns_a, grunt_ministairs_10,
          chequers_serial_rivers_room_b, minmay_checkerbox
D:4:      layout_basic, serial_shops, nicolae_stop_n_shop_2
D:5:      layout_basic, minmay_temple_entry_glassed_door,
          hangedman_abyss_or_decor_passed, uniq_pikel, uniq_duvessa
D:6:      layout_cave_pools, cheibrodos_sewer_entry_bend
D:7:      layout_loops_ring, st_stairs_13, nrook_pool_corridor,
          kennysheep_cross_room
D:8:      layout_layer_cave, uniq_maurice

Skill      XL: |  1  2  3  4  5  6  7  8  9 |
---------------+----------------------------+-----
Unarmed Combat | 4 5 7 9 10 12 | 12.5
Throwing       | 1 4 |  4.4
Fighting       | 3 4 5 |  5.0
Dodging        | 1 |  1.5
Spellcasting   | |  1.0
Fire Magic     | |  2.1

Action                   |  1- 3 |  4- 6 |  7- 9 | 10-12 || total
-------------------------+-------+-------+-------+-------++-------
Melee: Unarmed           |    61 |    73 |   183 |       ||   317
       Punch             |     1 |     1 |     6 |       ||     8
       Kick              |       |       |     6 |       ||     6
Throw: Javelin           |    18 |    27 |    11 |       ||    56
       Boomerang         |       |       |    35 |       ||    35
Invok: Fiery Armour      |       |     1 |     7 |       ||     8
  Use: Scroll            |     4 |     6 |    10 |       ||    20
       Potion            |       |     5 |     6 |       ||    11
Armor: Robe              |    14 |    11 |    75 |       ||   100
Dodge: Dodged            |    29 |    27 |    96 |       ||   152

Table legend:
 A = Non-vault XP
 B = Vault XP
 C = Vault XP percentage of total XP
 D = Non-vault monster count
 E = Vault monster count
 F = Vault count percentage of total count
                 A         B        C        D         E       F
            +---------+---------+-------+---------+---------+-------
      Total |    4521 |    1076 |  19.2 |     131 |      15 |  10.3
            +---------+---------+-------+---------+---------+-------
        D:1 |      53 |       0 |   0.0 |      29 |       0 |   0.0
        D:2 |      42 |     125 |  74.9 |      14 |       4 |  22.2
        D:3 |      33 |      33 |  50.0 |       6 |       6 |  50.0
        D:4 |     249 |       0 |   0.0 |      10 |       0 |   0.0
        D:5 |     896 |     873 |  49.3 |      16 |       3 |  15.8
        D:6 |    1267 |       5 |   0.4 |      26 |       1 |   3.7
        D:7 |    1579 |      40 |   2.5 |      24 |       1 |   4.0
        D:8 |     402 |       0 |   0.0 |       6 |       0 |   0.0
            +---------+---------+-------+---------+---------+-------
